 Dungeon Sprint DCSS version 0.27-a0-13-g87abb2d9eb (webtiles) character file.

Game seed: 4308890656368437880

4162 reriks the Fighter (level 10, -2/72 HPs)
             Began as a Gargoyle Berserker on Jan 2, 2021.
             Was a High Priest of Trog.
             Slain by Duvessa
             ... wielding a +2 great sword of freezing
              (5 damage)
             ... in the Dungeon (Sprint III: "The Ten Rune Challenge").
             The game lasted 00:03:02 (1838 turns).

reriks the Fighter (Gargoyle Berserker)             Turns: 1838, Time: 00:03:03

Health: -2/72      AC: 16    Str: 25    XL:     10   Next: 28%
Magic:  10/10      EV: 15    Int:  7    God:    Trog [*****.]
Gold:   42         SH:  0    Dex:  9    Spells: 9/9 levels left

rFire    . . .     SeeInvis .   q - +2 great mace (vorpal)
rCold    . . .     Faith    .   (shield currently unavailable)
rNeg     + . .     Spirit   .   i - +0 scale mail
rPois    ∞         Reflect  .   (no helmet)
rElec    +         Harm     .   (no cloak)
rCorr    .         Rampage  .   (no gloves)
Will     .....     NoTele   +   (no boots)
Stlth    ..........             (no amulet)
HPRegen  0.22/turn              (no ring)
MPRegen  0.12/turn              (no ring)

@: berserk cooldown, slowed, very slow
A: negative energy resistance 1, electricity resistance, unbreathing,
petrification resistance, miasma immunity, AC +7
a: Renounce Religion, Berserk, Trog's Hand, Brothers in Arms


You were in the Dungeon.
You worshipped Trog.
Trog was extremely pleased with you.
You visited 1 branch You collected 42 gold pieces.

Inventory:

Hand Weapons
 a - a +0 mace
 p - a +5 antimagic dire flail
 q - a +2 vorpal great mace (weapon)
Armour
 b - a +0 animal skin
 i - a +0 scale mail (worn)
Scrolls
 h - a scroll of blinking
 j - 2 scrolls of holy word {unknown}
 k - 3 scrolls of identify
 l - 3 scrolls of remove curse
Potions
 c - a potion of curing
 d - 2 potions of heal wounds
 e - a potion of haste
 f - 2 potions of magic
 g - 2 potions of berserk rage
 m - 2 potions of flight
 n - a potion of degeneration {unknown}
 o - 5 potions of mutation


   Skills:
 + Level 12.9 Fighting
 * Level 12.6 Maces & Flails
 + Level 12.7 Armour
 + Level 10.1 Dodging


You had 9 spell levels left.
You didn't know any spells.
Your spell library was empty.

Dungeon Overview and Level Annotations

Branches:
Dungeon (1/1)

Altars:
Dithmenos
Elyvilon
Fedhas
Kikubaaqudgha
Okawaru
Qazlal
Ru
Sif Muna
Trog
Uskayaw
Vehumet
Wu Jian
Yredelemnul
Zin
The Shining One
Beogh

Annotations:
D Duvessa


Innate Abilities, Weirdness & Mutations

You are resistant to torment.
Your stone body is resilient. (AC +7)
You are immune to poison.
You resist negative energy. (rN+)
You are resistant to electric shocks. (rElec)
You can survive without breathing.
You are immune to petrification.
You are immune to miasma.


Message History

Duvessa hits you with a +2 great sword of freezing.
Duvessa freezes you. Duvessa barely misses you.
You hit Duvessa.
Duvessa is lightly wounded.
Duvessa closely misses you.
You hit Duvessa.
Duvessa is lightly wounded.
Duvessa hits you with a +2 great sword of freezing!!
* * * LOW HITPOINT WARNING * * *
Duvessa freezes you!
* * * LOW HITPOINT WARNING * * *
Duvessa hits you with a +2 great sword of freezing.
* * * LOW HITPOINT WARNING * * *
Duvessa freezes you.
* * * LOW HITPOINT WARNING * * *
You sock Duvessa!
Duvessa is moderately wounded.
Duvessa closely misses you.
Duvessa hits you with a +2 great sword of freezing.
You die...

#....#.#.#..†..#....^.+
##.#..#.##.###.#..^^..#
'##.#.#.##)#.)##......#
#.).#..#..##..'.^....^#
▓▓▓▓▓▓▓▓▓▓▓▓▓▓#(......#
f≈≈≈...#(......#
♣P.+^..^^..#
♣PP#..^..^.#
♣♣♣##@###### #e).+
#...# #...# #####


You could see Duvessa (berserk).

Vanquished Creatures
  Dowan (D)
  Erolcha (D)
  A deep elf mage (D)
  A shadow (D)
  2 redbacks (D)
  A necrophage (D)
  5 two-headed ogres (D)
  A water elemental (D)
  A jelly (D)
  Jessica (D)
  A wizard (D)
  A necromancer (D)
  A kobold demonologist (D)
  3 humans (D)
  An ooze (D)
  A phantom (D)
  2 rats (D)
25 creatures vanquished.

Vanquished Creatures (others)
  A plant (D)
1 creature vanquished.

Grand Total: 26 creatures vanquished

Notes
Turn   | Place    | Note
-------+----------+-------------------------------------------
     0 | D        | reriks the Gargoyle Berserker began the quest for the Orb.
     0 | D        | Reached XP level 1. HP: 14/14 MP: 1/1
    87 | D        | Noticed Jessica
    92 | D        | Killed Jessica
    92 | D        | Reached ** piety under Trog
    93 | D        | Reached XP level 2. HP: 20/20 MP: 2/2
    93 | D        | Reached XP level 3. HP: 24/24 MP: 3/3
   218 | D        | Reached *** piety under Trog
   219 | D        | Reached skill level 5 in Fighting
   332 | D        | Noticed a water elemental
   340 | D        | Killed a water elemental
   341 | D        | Reached skill level 5 in Maces & Flails
   341 | D        | Reached skill level 5 in Armour
   341 | D        | Reached XP level 4. HP: 32/32 MP: 4/4
   560 | D        | Found a glowing silver altar of Zin.
   560 | D        | Found a glowing golden altar of the Shining One.
   560 | D        | Found a white marble altar of Elyvilon.
   560 | D        | Noticed a deep elf mage
   578 | D        | Killed a deep elf mage
   579 | D        | Reached XP level 5. HP: 16/40 MP: 5/5
   579 | D        | Reached XP level 6. HP: 18/45 MP: 6/6
   579 | D        | Reached XP level 7. HP: 20/50 MP: 7/7
   819 | D        | Found a hide-covered altar of Uskayaw.
   819 | D        | Found a roughly hewn altar of Beogh.
   819 | D        | Found an iron altar of Okawaru.
   819 | D        | Found a bloodstained altar of Trog.
   819 | D        | Found an ornate altar of the Wu Jian Council.
   819 | D        | Noticed a human
   820 | D        | Noticed a human
   825 | D        | Killed a human
   825 | D        | Reached **** piety under Trog
   831 | D        | Killed a human
   937 | D        | Found a basalt altar of Yredelemnul.
   937 | D        | Found a shadowy altar of Dithmenos.
   937 | D        | Found a sacrificial altar of Ru.
   948 | D        | Reached ***** piety under Trog
   949 | D        | Reached XP level 8. HP: 57/57 MP: 8/8
  1002 | D        | Found a radiant altar of Vehumet.
  1003 | D        | Found a shimmering blue altar of Sif Muna.
  1003 | D        | Found an ancient bone altar of Kikubaaqudgha.
  1006 | D        | Reached skill level 10 in Fighting
  1125 | D        | Noticed a shadow
  1131 | D        | Killed a shadow
  1131 | D        | Received a gift from Trog
  1134 | D        | Reached skill level 10 in Armour
  1240 | D        | Found a blossoming altar of Fedhas.
  1240 | D        | Found a stormy altar of Qazlal.
  1383 | D        | Noticed a two-headed ogre
  1391 | D        | Killed a two-headed ogre
  1392 | D        | Reached skill level 10 in Maces & Flails
  1437 | D        | Noticed a two-headed ogre
  1437 | D        | Noticed Erolcha
  1445 | D        | Killed Erolcha
  1446 | D        | Reached XP level 9. HP: 65/65 MP: 3/9
  1453 | D        | Killed a two-headed ogre
  1519 | D        | Received a gift from Trog
  1715 | D        | Noticed a wandering mushroom
  1820 | D        | Noticed Dowan
  1820 | D        | Noticed Duvessa
  1834 | D        | Killed Dowan
  1835 | D        | Reached skill level 10 in Dodging
  1835 | D        | Reached XP level 10. HP: 36/72 MP: 10/10
  1837 | D        | HP: 2/72 [Duvessa/+2 great sword of freezing (2)]
  1838 | D        | Slain by Duvessa

Illustrated notes

Levels and vault maps discovered:
D:        dungeon_sprint_mu [sprint_mu_entry_cave, sprint_mu_temple_rooms,
          sprint_mu_d1_spiders, sprint_mu_d2_genie, sprint_mu_d3_branching,
          sprint_mu_orc_legion, sprint_mu_elf_gauntlet, sprint_mu_hive_nellie,
          sprint_mu_lair_fedhas, sprint_mu_vaults_butterflies,
          sprint_mu_slime_circle, sprint_mu_swamp_cave, sprint_mu_shoals_archi,
          sprint_mu_blade_basic, sprint_mu_crypt_chambers,
          sprint_mu_tomb_spiral, sprint_mu_vestibule_basic,
          sprint_mu_gehenna_hellfire, sprint_mu_dis_giant,
          sprint_mu_tartarus_statrot, sprint_mu_cocytus_islands, sprint_mu_zot1]

Skill      XL: |  1  2  3  4  5  6  7  8  9 |
---------------+----------------------------+-----
Dodging        | 2 4 6 7 9 10 | 10.1
Fighting       | 4 6 8 9 11 12 | 12.9
Maces & Flails | 4 5 8 9 10 12 | 12.6
Armour         | 3 5 8 9 11 12 | 12.7

Action                   |  1- 3 |  4- 6 |  7- 9 | 10-12 || total
-------------------------+-------+-------+-------+-------++-------
Melee: Mace              |    33 |    11 |    28 |       ||    72
       Dire flail        |       |       |    34 |       ||    34
       Great mace        |       |       |     9 |     4 ||    13
Invok: Berserk           |     3 |     1 |    10 |       ||    14
       Trog's Hand       |       |       |     1 |       ||     1
Armor: Animal skin       |     3 |       |       |       ||     3
       Scale mail        |     7 |     3 |    15 |       ||    25
Dodge: Dodged            |    16 |     3 |    36 |     3 ||    58

Table legend: (Time is in decaauts)
 A = Elapsed time spent in this place.
 B = Non-inter-level travel time spent in this place.
 C = Inter-level travel time spent in this place.
 D = Time resting spent in this place.
 E = Time spent auto-exploring this place.
 F = Levels seen in this place.
 G = Mean time per level.
                   A        B        C        D        E       F      G
               +--------+--------+--------+--------+--------+-----+--------+
         Total |   1938 |   1938 |      0 |   1574 |     29 |   1 | 1938.0 |
       Dungeon |   1938 |   1938 |      0 |   1574 |     29 |   1 | 1938.0 |
               +--------+--------+--------+--------+--------+-----+--------+

Top non-repeatable levels by time:
       D: 1938 daAuts
